 Dungeon Crawl Stone Soup version 0.23-a0-619-g281719c6f9 (webtiles) character file.

5 Zaazir the Digger (level 1, 0/10 HPs)
             Began as a Gargoyle Earth Elementalist on Dec 22, 2018.
             Slain by a goblin
             ... wielding a +0 club
              (2 damage)
             ... on level 1 of the Dungeon.
             The game lasted 00:01:17 (106 turns).

Zaazir the Digger (Gargoyle Earth Elementalist)      Turns: 106, Time: 00:01:17

Health: 0/10       AC:  4    Str: 11    XL:     1   Next: 80%
Magic:  3/3        EV: 12    Int: 15    God:
Gold:   0          SH:  0    Dex: 10    Spells: 3/4 levels left

rFire    . . .     SeeInvis .   e - +1 hand axe (chop)
rCold    . . .     Gourm    .   (no shield)
rNeg     + . .     Faith    .   c - +0 robe
rPois    ∞         Spirit   .   (no helmet)
rElec    +         Reflect  .   (no cloak)
rCorr    .         Harm     .   (no gloves)
MR       .....                  (no boots)
Stlth    ++........             (no amulet)
HPRegen  0.03/turn              (no ring)
MPRegen  0.08/turn              (no ring)

@: no status effects
A: negative energy resistance 1, electricity resistance, unbreathing,
petrification resistance, rot immunity, AC +2
a: no special abilities


You were on level 1 of the Dungeon.
You were not hungry.

You visited 1 branch of the dungeon, and saw 1 of its levels.

Inventory:

Hand Weapons
 a - a +0 club
 e - a +1 hand axe of chopping (weapon)
Missiles
 b - 25 stones (quivered)
Armour
 c - a +0 robe (worn)
Comestibles
 d - a ration


   Skills:
 - Level 1.5 Dodging
 - Level 2.1 Stealth
 + Level 2.2 Spellcasting
   Level 0.7 Transmutations
 + Level 3.9 Earth Magic


You had 3 spell levels left.
You knew the following spells:

 Your Spells              Type           Power        Failure   Level  Hunger
a - Sandblast             Erth           ##....       4%          1    #......

Your spell library contained the following spells:

 Spells                   Type           Power        Failure   Level  Hunger
 Passwall                 Tmut/Erth      #.......     13%         2    ###....
 Stone Arrow              Conj/Erth      #.....       28%         3    ###....
 Petrify                  Tmut/Erth      #.......     63%         4    #####..
 Lee's Rapid Deconstruct  Erth           ##........   77%         5    ######.


Dungeon Overview and Level Annotations

Branches:
Dungeon (1/15)

Altars:


Innate Abilities, Weirdness & Mutations

You are resistant to torment.
Your stone body is resilient. (AC +2)
You are immune to poison.
You resist negative energy. (rN+)
You are resistant to electric shocks. (rElec)
You can survive without breathing.
You are immune to petrification.
You are immune to rotting.


Message History

The leopard gecko bites you but does no damage.
The goblin hits you with a +0 club.
* * * LOW HITPOINT WARNING * * *
You see here a +1 hand axe of chopping.
e - a +1 hand axe of chopping The goblin hits you but does no damage.
The goblin closely misses you. The jackal closely misses you.
Unknown command.
Unknown command.
The jackal bites you but does no damage.
The goblin barely misses you.
Wield which item (- for none, * to show all)? (? for menu, Esc to quit)
e - a +1 hand axe of chopping (weapon)
You barely miss the goblin. The goblin hits you but does no damage.
You miss the goblin. The goblin misses you.
You barely miss the goblin. The goblin closely misses you.
The goblin hits you but does no damage.
You closely miss the goblin. The goblin barely misses you.
You barely miss the goblin. The goblin hits you with a +0 club.
You die...

# . #. #.# ##...## ##.# #.#####
#.# #..# #..g..# #.#
#..###.###.# #.# # #.#.h...##.#
# #.# #.#.#####.##@# .# #.#
#.....###.##g##.#.### #.#
.#....g#..)hghl....... #.#
..............#..############.##
####.....#.##.#.......).........
#.....#.##.#.†.##############
###.###........# #.# #.##.....#
#. ........###


You could see a leopard gecko, a jackal and 2 goblins.

Vanquished Creatures
  A goblin (D:1)
  A hobgoblin (D:1)
  A kobold (D:1)
  A bat (D:1)
  A rat (D:1)
5 creatures vanquished.

Notes
Turn   | Place    | Note
-------+----------+-------------------------------------------
     0 | D:1      | Zaazir the Gargoyle Earth Elementalist began the quest for
                  | the Orb.
     0 | D:1      | Reached XP level 1. HP: 10/10 MP: 3/3
   106 | D:1      | Slain by a goblin

Vault maps used:
D:1:      dpeg_arrival_lava_altar, minmay_close_crescents

Action                   || total
-------------------------++-------
Melee: Club              ||     9
       Unarmed           ||     8
       Hand axe          ||     5
 Cast: Sandblast         ||     5
Armor: Robe              ||    15
Dodge: Dodged            ||    30

Table legend:
 A = Non-vault XP
 B = Vault XP
 C = Vault XP percentage of total XP
 D = Non-vault monster count
 E = Vault monster count
 F = Vault count percentage of total count
                 A         B        C        D         E       F
            +---------+---------+-------+---------+---------+-------
      Total |       8 |       0 |   0.0 |       5 |       0 |   0.0
            +---------+---------+-------+---------+---------+-------
        D:1 |       8 |       0 |   0.0 |       5 |       0 |   0.0
            +---------+---------+-------+---------+---------+-------
